 Dungeon Crawl Stone Soup version 0.30-b1-2-g02819fbbbe (webtiles) character file.

Game seed: 431366534713950664

53 Alarkh the Charlatan (level 3, -5/28 HPs)
             Began as a Demonspawn Artificer on Nov 22, 2023.
             Slain by a gnoll
             ... wielding a +0 spear
              (8 damage)
             ... on level 2 of the Dungeon.
             The game lasted 00:01:34 (1186 turns).

Alarkh the Charlatan (Demonspawn Artificer)         Turns: 1186, Time: 00:01:35

Health: -5/28      AC:  4    Str: 12    XL:     3   Next: 62%
Magic:  3/3        EV: 11    Int: 14    God:
Gold:   118        SH:  0    Dex: 13    Spells: 2/2 levels left

rFire   . . .        a - +1 dagger (speed)
rCold   . . .        (no shield)
rNeg    . . .        b - +0 leather armour
rPois   .            (no helmet)
rElec   .            (no cloak)
rCorr   .            l - +0 pair of gloves
SInv    .            (no boots)
Will    .....        (no amulet)
Stlth   +            (no ring)
HPRegen 0.24/turn    (no ring)
MPRegen 0.08/turn

%: no passive effects
@: no status effects
A: claws 1
a: no special abilities


You were on level 2 of the Dungeon.
You visited 1 branch of the dungeon, and saw 2 of its levels.

You collected 118 gold pieces.

Inventory:

Hand Weapons
 a - a +1 dagger of speed (weapon)
 f - a +0 club
Armour
 b - a +0 leather armour (worn)
 l - a +0 pair of gloves (worn)
Wands
 c - a wand of flame (8) (quivered)
 d - a wand of charming (15)
 e - a wand of iceblast (5)
Scrolls
 g - a scroll of poison {unknown}
 k - a scroll of blinking {unknown}
 p - a scroll of silence {unknown}
Potions
 h - 3 potions of flight {unknown}
 i - a potion of haste {unknown}
 j - a potion of brilliance {unknown}
 m - a potion of curing {unknown}
 n - a potion of ambrosia {unknown}
 o - a potion of might {unknown}


   Skills:
 + Level 2.7 Fighting
 - Level 1.7 Armour
 - Level 0.8 Dodging
 - Level 0.8 Stealth
 * Level 1.9 Unarmed Combat
 - Level 3.0 Evocations


You had 2 spell levels left.
You didn't know any spells.
Your spell library contained the following spells:

 Spells                   Type           Power      Damage    Failure   Level
 Apportation              Tloc           0%         N/A       36%         1
 Necrotise                Necr           0%         1d4       36%         1
 Summon Small Mammal      Summ           0%         N/A       36%         1
 Call Canine Familiar     Summ           0%         N/A       73%         3
 Portal Projectile        Hex/Tloc       0%         N/A       73%         3
 Leda's Liquefaction      Hex/Erth       0%         N/A       98%         4


Dungeon Overview and Level Annotations

Branches:
Dungeon (2/15)

Altars:

Annotations:
D:2 1 runed translucent door, Crazy Yiuf


Innate Abilities, Weirdness & Mutations

You have sharp fingernails.


Message History

The puff of flame hits the gnoll.
You kill the gnoll!
You hit the rat.
The rat is severely wounded.
The rat closely misses you. The rat attacks as you move away!
The rat misses you.
You closely miss the rat.
The rat is severely wounded.
You hit the rat.
You kill the rat!
Aiming: Throw Flame
Press: ? - help, Shift-Dir - straight line, f - gnoll
Aim: a gnoll, wielding a +0 flail (almost dead, 75% to hit)
The puff of flame misses the gnoll.
The puff of flame hits the gnoll.
The gnoll is moderately wounded.
Aiming: Throw Flame
Press: ? - help, Shift-Dir - straight line, f/p - gnoll
Aim: a gnoll, wielding a +0 flail (almost dead, 75% to hit)
The puff of flame misses the gnoll.
The puff of flame hits the gnoll.
The gnoll is heavily wounded.
The gnoll hits you with a +0 flail.
* * * LOW HITPOINT WARNING * * *
Aiming: Throw Flame
Press: ? - help, Shift-Dir - straight line, f/p - gnoll
Aim: a gnoll, wielding a +0 flail (almost dead, 75% to hit)
The puff of flame misses the gnoll.
The puff of flame hits the gnoll.
The gnoll is almost dead.
The gnoll barely misses you.
Aiming: Throw Flame
Press: ? - help, Shift-Dir - straight line, f/p - gnoll
Aim: a gnoll, wielding a +0 flail (almost dead, 75% to hit)
The puff of flame hits the gnoll.
You kill the gnoll!
Aiming: Throw Flame
Press: ? - help, Shift-Dir - straight line, f - gnoll
Aim: a gnoll, wielding a +0 whip (almost dead, 75% to hit)
The puff of flame hits the gnoll.
You kill the gnoll!
The gnoll hits you from afar with a +0 spear!
You die...

.####....)......##.# #....# #
.####...####.##.##.# ###.## #
........##......##.# #...# #
#######.##.#...>...# #...# .
#.##.#.#..#### #...# #.
####.........# #...# #)
#.....#.##..## ######...# ##
#.....#.##..#####........#
#.......##.[.@)g.....)...#####
#.....####.######.............
#.....# #.# ####.#...#.##.
####### #.# #.#...#.##. #..
#.#(..#.### ### #g#...#.# #
#g#...#.### #..)g......
####g#####.


You could see a gnoll.

Vanquished Creatures
  3 gnolls (D:2)
  A dart slug (D:2)
  2 ball pythons (D:1)
  3 endoplasms (D:2)
  2 giant cockroaches (D:1)
  2 hobgoblins (D:1)
  2 quokkas (D:1)
  A frilled lizard (D:1)
  5 goblins
  6 kobolds
  3 rats
30 creatures vanquished.

Notes
Turn   | Place    | Note
-------+----------+-------------------------------------------
     0 | D:1      | Alarkh the Demonspawn Artificer began the quest for the
                  | Orb.
     0 | D:1      | Reached XP level 1. HP: 15/15 MP: 1/1
   153 | D:1      | Gained mutation: You have sharp fingernails. [demonic
                  | ancestry]
   153 | D:1      | Reached XP level 2. HP: 15/22 MP: 2/2
   692 | D:1      | Found a faded altar of an unknown god.
   786 | D:2      | Reached skill level 1 in Unarmed Combat
   910 | D:2      | Reached XP level 3. HP: 20/28 MP: 3/3
  1027 | D:2      | Found a runed translucent door.
  1028 | D:2      | Noticed Crazy Yiuf
  1186 | D:2      | Slain by a gnoll

Illustrated notes

Levels and vault maps discovered:
D:1:      lightli_arrival_quake, layout_basic, ebering_ecumenical_altar_box
D:2:      layout_loops_cross, basic_altar, uniq_crazy_yiuf_cottage

Skill      XL: |  1  2 |
---------------+-------+-----
Fighting       | 2 |  2.7
Unarmed Combat | 1 |  1.9
Armour         | |  1.7
Dodging        | |  0.8
Stealth        | |  0.8
Evocations     | |  3.0

Action                     || total
---------------------------++-------
  Melee: Club              ||    28
         Dagger            ||   125
         Punch             ||     3
  Evoke: Wand              ||     7
   Stab: Sleeping          ||     1
 Armour: Leather armour    ||    34
  Dodge: Dodged            ||    81
